 Dungeon Crawl Stone Soup version 0.28-a0-1190-g77e1c55843 (webtiles) character file.

Game seed: 3653495257760213701

113595 Gargoyl the Envoy of Void (level 16, -2/129 HPs)
             Began as a Gnoll Abyssal Knight on Dec 12, 2021.
             Was a High Priest of Lugonu.
             Succumbed to naga ritualist's concentrated venom
             ... on level 1 of the Abyss on Dec 18, 2021.
             The game lasted 00:47:29 (22869 turns).

Gargoyl the Envoy of Void (Gnoll Abyssal Knight)   Turns: 22869, Time: 00:47:29

Health: -2/129     AC: 41    Str: 24    XL:     16   Next: 63%
Magic:  21/31      EV: 14    Int:  6    God:    Lugonu [*****.]
Gold:   1450       SH: 19    Dex: 18    Spells: 37/37 levels left

rFire   . . .      SeeInvis .   a - +3 hand axe (venom)
rCold   . . .      Faith    .   y - +2 kite shield
rNeg    + . .      Spirit   .   l - +27 Lear's hauberk
rPois   +          Reflect  +   (helmet currently unavailable)
rElec   .          Harm     .   j - +1 cloak
rCorr   +          Rampage  .   (gloves currently unavailable)
Will    +....                   (boots currently unavailable)
Stlth   +++.......              I - amulet of reflection
HPRegen 0.31/turn               A - ring of Aren {+Blink rN+ Str+3 Int-4}
MPRegen 0.22/turn               C - ring of Jiyrhi {rPois rCorr Str+4}

@: lethally poisoned (-2 -> -15), slowed, very slow
A: fangs 1, strong nose, distributed training, thin skeletal structure 1, poison
resistance, wild magic 1
a: Renounce Religion, Evoke Blink, Depart the Abyss, Bend Space, Banish,
Corrupt, Enter the Abyss


You were on level 1 of the Abyss.
You worshipped Lugonu.
Lugonu was extremely pleased with you.
You visited 3 branches of the dungeon, and saw 22 of its levels.
You visited the Abyss 3 times.
You also visited: Bailey.

You collected 2801 gold pieces.
You spent 1351 gold pieces at shops.

Inventory:

Hand Weapons
 a - a +3 hand axe of venom (weapon)
 s - a +7 long sword of holy wrath
 H - the +7 trident of Fola {freeze, Int+4}
   (You found it on level 3 of the Lair of Beasts)

   It freezes those it strikes, dealing additional cold damage.
   It can also slow down cold-blooded creatures.
   Int:       It affects your intelligence (+4).
 K - a +4 scimitar of flaming
Missiles
 q - 107 poisoned darts (quivered)
Armour
 j - a +1 cloak (worn)
 l - the +27 Lear's hauberk (worn)
   (You found it on level 4 of the Dungeon)
 y - a +2 kite shield (worn)
Jewellery
 c - an amulet of regeneration
 i - a ring of flight
 A - the ring of Aren (left hand) {+Blink rN+ Str+3 Int-4}
   (You bought it in a shop on level 12 of the Dungeon)

   [ring of positive energy]

   Str:       It affects your strength (+3).
   Int:       It affects your intelligence (-4).
   rN:        It protects you from negative energy.
   +Blink:    It lets you blink.
 C - the ring of Jiyrhi (right hand) {rPois rCorr Str+4}
   (You bought it in a shop on level 12 of the Dungeon)

   [ring of poison resistance]

   Str:       It affects your strength (+4).
   rPois:     It protects you from poison.
   rCorr:     It protects you from acid and corrosion.
 G - a +6 ring of strength
 I - an amulet of reflection (around neck)
 J - a +4 ring of protection
Wands
 k - a wand of iceblast (33)
 m - a wand of acid (11)
 n - a wand of flame (44)
 x - a wand of polymorph (8)
 F - a wand of paralysis (8)
Scrolls
 e - 14 scrolls of identify
 f - 3 scrolls of magic mapping
 p - a scroll of teleportation
 u - a scroll of blinking
 w - a scroll of brand weapon
 B - a scroll of fog
Potions
 b - 3 potions of lignification
 d - 6 potions of flight
 g - a potion of cancellation
 h - 2 potions of berserk rage
 o - 4 potions of magic
 r - 3 potions of invisibility
 t - 2 potions of heal wounds
 v - 2 potions of ambrosia
 z - a potion of curing
 D - a potion of resistance
 E - 3 potions of brilliance


   Skills:
 + Level 12.7 Fighting
 + Level 11.0 Short Blades
 + Level 11.0 Long Blades
 + Level 11.9 Axes
 + Level 11.0 Maces & Flails
 + Level 11.0 Polearms
 + Level 11.0 Staves
 + Level 11.0 Slings
 + Level 11.0 Bows
 + Level 11.0 Crossbows
 + Level 11.0 Throwing
 + Level 11.9 Armour
 + Level 11.3 Dodging
 + Level 11.0 Stealth
 + Level 11.0 Shields
 + Level 11.0 Unarmed Combat
 + Level 11.0 Spellcasting
 + Level 9.3 Conjurations
 + Level 9.3 Hexes
 + Level 9.3 Summonings
 + Level 9.3 Necromancy
 + Level 9.3 Translocations
 + Level 9.3 Transmutations
 + Level 9.3 Fire Magic
 + Level 9.3 Ice Magic
 + Level 9.3 Air Magic
 + Level 9.3 Earth Magic
 + Level 9.3 Poison Magic
 + Level 12.8 Invocations
 + Level 11.0 Evocations


You had 37 spell levels left.
You didn't know any spells.
Your spell library contained the following spells:

 Spells                   Type           Power      Damage    Failure   Level
 Apportation              Tloc           36%        N/A       4%          1
 Magic Dart               Conj           72%        1d6       4%          1
 Call Imp                 Summ           18%        N/A       7%          2
 Corpse Rot               Necr/Air       36%        N/A       7%          2
 Ensorcelled Hibernation  Hex/Ice        36%        N/A       7%          2
 Call Canine Familiar     Summ           18%        N/A       13%         3
 Dazzling Flash           Conj/Hex       36%        N/A       13%         3
 Ignite Poison            Fire/Tmut/Pois 18%        N/A       13%         3
 Mephitic Cloud           Conj/Pois/Air  18%        N/A       13%         3
 Portal Projectile        Hex/Tloc       36%        N/A       13%         3
 Spider Form              Tmut/Pois      18%        N/A       13%         3
 Dispel Undead            Necr           18%        3d11      36%         4
 Iskenderun's Mystic Bla  Conj/Tloc      18%        2d6       36%         4
 Leda's Liquefaction      Hex/Erth       9%         N/A       36%         4
 Alistair's Intoxication  Tmut/Pois      12%        N/A       69%         5
 Freezing Cloud           Conj/Ice/Air   9%         6-21      69%         5
 Death Channel            Necr           9%         N/A       99%         6
 Starburst                Conj/Fire      9%         6d5       99%         6


Dungeon Overview and Level Annotations

Branches:
Dungeon (15/15)            Temple (0/1) D:4            Lair (6/6) D:11
  Swamp (0/4) Lair:2        Snake (1/4) Lair:4        Slime (0/5) Lair:6
    Orc (0/2) D:10         Vaults (0/5) D:14         Depths (0/4) D:15
 Bailey (visited)

Altars:
Makhleb
Jiyva

Shops:
D:4 :   D:12 [=*

Portals:
Hell: Lair:6
Trove: D:12 (give 12 scrolls of teleportation)

Annotations:
D:8 corrupted
D:9 exclusion: obsidian statue
D:14 corrupted
Lair:4 Rupert
Lair:6 corrupted


Innate Abilities, Weirdness & Mutations

You have very sharp teeth.
Your uncanny sense of smell can sniff out nearby items.
Your experience applies equally to all skills.
You have a somewhat thin skeletal structure. (Dex +2, Stealth+)
Your system is resistant to poisons. (rPois)
Your spells are a little harder to cast, but a little more powerful.


Message History

The naga ritualist begins to radiate toxic energy.
* * * LOW HITPOINT WARNING * * *
You are poisoned.
The naga ritualist constricts you.
The naga mage shouts!
You hit the naga ritualist.
The naga ritualist is almost dead.
You hit the naga mage but do no damage.
The naga mage is poisoned.
You feel sick.
* * * LOW HITPOINT WARNING * * *
You are more poisoned.
You block the naga mage's attack. The naga ritualist spits poison at you.
The splash of poison hits you but does no damage.
You are more poisoned.
You have difficulty breathing.
* * * LOW HITPOINT WARNING * * *
You feel as though you will be slow longer.
The naga ritualist constricts you.
You hit the naga ritualist.
The naga ritualist looks as sick as possible!
You bite the naga ritualist, but do no damage.
The naga ritualist is almost dead.
You barely miss the naga mage.
You feel less vulnerable to poison.
* * * LOW HITPOINT WARNING * * *
You feel very sick.
* * * LOW HITPOINT WARNING * * *
The naga mage hits you but does no damage.
The naga mage barely misses you.
The naga ritualist calls down the wrath of its god upon you.
You resist with some effort. The naga ritualist constricts you.
* * * LOW HITPOINT WARNING * * *
Unknown command.
The naga ritualist loses its grip on you.
To return, you must find a gate leading back.
Killing monsters will force the Abyss to allow you passage.
This branch contains the abyssal rune of Zot.
Lugonu is no longer ready to corrupt your weapon.
You die...

[. ..
.# #
.## #.
.. #..
.#
#..##.#
#..@∩#
######


There were no monsters in sight!

Vanquished Creatures
  A juggernaut skeleton (D:15)
  Azrael (D:15)
  5 entropy weavers (Lair:3)
  A dire elephant (Lair:6)
  The ghost of Mandevil the Reanimator, a journeyman KoNe of Ashenzari (Lair:1)
  Snorg (Lair:4)
  An ice dragon (D:15)
  5 boulder beetles
  2 naga warriors (Lair:4)
  2 ghost crabs (Lair:3)
  10 hydras
  5 centaur warriors
  Erica (D:11)
  7 two-headed ogres
  2 death knights
  3 tengu warriors
  A vampire mage (D:15)
  2 death yaks (Lair:4)
  Urug (D:10)
  Sonja (D:11)
  Nergalle (D:12)
  A shock serpent (Lair:4)
  7 skeletal warriors
  A deep elf knight (D:14)
  6 fire crabs (Lair:3)
  A wretched star (Abyss:1)
  A sixfirhy (Lair:6)
  A salamander mystic (Snake:1)
  4 bog bodies (Lair:2)
  2 deep elf pyromancers
  A wizard (Lair:6)
  3 orc knights
  A necromancer (D:15)
  2 lindwurms (Lair:6)
  A frost giant zombie (D:15)
  3 manticores
  12 elephants
  3 salamanders
  3 cyclopes
  7 ugly things
  A frost giant skeleton (D:15)
  10 black mambas
  An apocalypse crab (Lair:3)
  3 torpor snails
  A gargoyle (D:13)
  20 cane toads
  An orange demon (Lair:6)
  4 rime drakes
  2 kobold demonologists (D:8)
  9 komodo dragons
  4 yaktaurs (D:15)
  A rime drake (shapeshifter) (D:11)
  4 efreet
  3 tengu conjurers
  A demonic crawler (Lair:4)
  A freezing wraith (D:12)
  A guardian mummy (D:15)
  3 meliai (D:15)
  A hellwing (Lair:6)
  5 trolls
  A polar bear (shapeshifter) (D:13)
  4 polar bears
  A slime creature (D:10)
  5 dream sheep
  29 blink frogs
  An ettin zombie (D:15)
  A wyvern (D:10)
  76 yaks
  3 wraiths
  3 fire elementals (D:15)
  16 humans (D:14)
  2 vampire mosquitoes (D:13)
  2 basilisks
  2 nagas (Lair:4)
  3 swamp worms (Lair:4)
  3 wargs (D:12)
  Edmund (D:6)
  An acid dragon (D:10)
  5 hell hounds
  17 water moccasins
  8 orc warriors
  A black bear (D:8)
  2 ogres (D:6)
  7 wolves
  7 centaurs
  2 phantoms
  The ghost of crabbyslav the Charlatan, an amateur KoAr (D:4)
  2 kobold brigands
  13 bullfrogs
  2 wyvern zombies
  2 gnoll sergeants
  2 scorpions
  A wyvern skeleton (D:5)
  17 killer bees
  A water moccasin skeleton (D:5)
  5 electric eels
  6 howler monkeys
  2 bullfrog zombies
  3 jellies (D:6)
  A bullfrog skeleton (D:6)
  8 orc priests
  2 centaur skeletons
  4 hounds
  Ijyb (D:5)
  3 iguanas
  Natasha (thrice) (D:4)
  10 orc wizards
  2 killer bee zombies
  2 hound skeletons (D:4)
  3 howler monkey skeletons
  6 adders
  8 gnolls
  A shadow imp (D:6)
  3 white imps
  2 worms
  A dart slug (D:3)
  64 orcs
  8 bats
  4 endoplasms
  A giant cockroach (D:1)
  12 goblins
  8 hobgoblins
  4 jackals (D:5)
  7 quokkas
  7 ball pythons
  3 frilled lizards
  12 kobolds
  3 rats
643 creatures vanquished.

Vanquished Creatures (others)
  A centaur warrior (D:14)
  A two-headed ogre (D:14)
  A skeletal warrior (D:14)
  2 wizards (D:15)
  An orange demon (Lair:6)
  An ice devil (Lair:6)
  2 red devils (Lair:6)
  A wraith (D:14)
  4 hell hounds (Lair:6)
  5 boggarts (D:14)
  3 kobold brigands (D:8)
  An orc (D:8)
  A kobold (D:8)
  30 fungi
  26 plants
  7 starspawn tentacles (Lair:6)
  9 withered plants (D:15)
96 creatures vanquished.

Grand Total: 739 creatures vanquished

Notes
Turn   | Place    | Note
-------+----------+-------------------------------------------
     0 | Abyss:1  | Gargoyl the Gnoll Abyssal Knight began the quest for the
                  | Orb.
     0 | Abyss:1  | Reached XP level 1. HP: 23/23 MP: 3/3
    59 | Abyss:1  | Noticed a large abomination
    67 | Abyss:1  | Noticed a large abomination
    80 | D:1      | Escaped the Abyss
   198 | D:1      | Reached * piety under Lugonu
   252 | D:1      | Reached XP level 2. HP: 23/29 MP: 5/5
   336 | D:1      | Found a faded altar of an unknown god.
   375 | D:1      | Reached XP level 3. HP: 29/35 MP: 6/6
  1244 | D:2      | Reached skill level 1 in Short Blades
  1244 | D:2      | Reached skill level 1 in Long Blades
  1244 | D:2      | Reached skill level 1 in Maces & Flails
  1244 | D:2      | Reached skill level 1 in Polearms
  1244 | D:2      | Reached skill level 1 in Staves
  1244 | D:2      | Reached skill level 1 in Slings
  1244 | D:2      | Reached skill level 1 in Bows
  1244 | D:2      | Reached skill level 1 in Crossbows
  1244 | D:2      | Reached skill level 1 in Throwing
  1244 | D:2      | Reached skill level 1 in Stealth
  1244 | D:2      | Reached skill level 1 in Shields
  1244 | D:2      | Reached skill level 1 in Unarmed Combat
  1244 | D:2      | Reached skill level 1 in Spellcasting
  1244 | D:2      | Reached skill level 1 in Evocations
  1787 | D:3      | Reached XP level 4. HP: 32/41 MP: 7/7
  1882 | D:3      | Noticed a scorpion
  1886 | D:3      | Killed a scorpion
  1887 | D:3      | Reached skill level 1 in Conjurations
  1887 | D:3      | Reached skill level 1 in Hexes
  1887 | D:3      | Reached skill level 1 in Summonings
  1887 | D:3      | Reached skill level 1 in Necromancy
  1887 | D:3      | Reached skill level 1 in Translocations
  1887 | D:3      | Reached skill level 1 in Transmutations
  1887 | D:3      | Reached skill level 1 in Fire Magic
  1887 | D:3      | Reached skill level 1 in Ice Magic
  1887 | D:3      | Reached skill level 1 in Air Magic
  1887 | D:3      | Reached skill level 1 in Earth Magic
  1887 | D:3      | Reached skill level 1 in Poison Magic
  1887 | D:3      | Reached XP level 5. HP: 36/47 MP: 8/8
  1920 | D:3      | Reached ** piety under Lugonu
  2332 | D:4      | Found the +27 Lear's hauberk
  2367 | D:4      | Found a runed translucent gate.
  2382 | D:4      | Noticed Natasha
  2390 | D:4      | Killed Natasha
  2422 | D:4      | Found a staircase to the Ecumenical Temple.
  2514 | D:4      | Reached skill level 5 in Invocations
  2630 | D:4      | Reached XP level 6. HP: 39/53 MP: 9/9
  2783 | D:4      | Found a runed translucent gate.
  2783 | D:4      | Found a runed translucent gate.
  2783 | D:4      | Noticed crabbyslav's ghost (amateur KoAr)
  2919 | D:4      | Noticed Natasha
  2926 | D:4      | Killed Natasha
  2927 | D:4      | Reached skill level 5 in Axes
  2927 | D:4      | Reached skill level 5 in Armour
  2963 | D:4      | Noticed Natasha
  2968 | D:4      | Killed Natasha
  3172 | D:4      | Found Fifon's Book Shop.
  3184 | D:4      | Reached XP level 7. HP: 55/59 MP: 10/10
  3617 | D:4      | Killed crabbyslav's ghost
  3623 | D:4      | Reached *** piety under Lugonu
  3655 | D:5      | Entered Level 5 of the Dungeon
  3664 | D:5      | Noticed Ijyb
  3669 | D:5      | Paralysed by Ijyb for 6 turns
  3800 | D:5      | Paralysed by Ijyb for 5 turns
  3812 | D:5      | Paralysed by Ijyb for 3 turns
  3821 | D:5      | Killed Ijyb
  3976 | D:5      | Reached XP level 8. HP: 67/67 MP: 12/12
  4773 | D:6      | Reached XP level 9. HP: 69/72 MP: 14/14
  4790 | D:6      | Reached **** piety under Lugonu
  4886 | D:6      | Noticed Edmund
  4899 | D:6      | Killed Edmund
  5302 | D:7      | Found a flagged portal.
  5318 | Bailey   | Entered a bailey
  5318 | Bailey   | Noticed an orc knight
  5440 | D:7      | Noticed a six-headed hydra
  5448 | D:7      | Banished a six-headed hydra
  5449 | D:7      | Reached skill level 5 in Dodging
  6032 | D:8      | Reached XP level 10. HP: 51/80 MP: 17/17
  6066 | D:8      | Noticed a kobold demonologist
  6066 | D:8      | Noticed a kobold demonologist
  6080 | D:8      | Killed a kobold demonologist
  6081 | D:8      | Reached skill level 5 in Short Blades
  6081 | D:8      | Reached skill level 5 in Long Blades
  6081 | D:8      | Reached skill level 5 in Maces & Flails
  6081 | D:8      | Reached skill level 5 in Polearms
  6081 | D:8      | Reached skill level 5 in Staves
  6081 | D:8      | Reached skill level 5 in Slings
  6081 | D:8      | Reached skill level 5 in Bows
  6081 | D:8      | Reached skill level 5 in Crossbows
  6081 | D:8      | Reached skill level 5 in Throwing
  6081 | D:8      | Reached skill level 5 in Stealth
  6081 | D:8      | Reached skill level 5 in Shields
  6081 | D:8      | Reached skill level 5 in Unarmed Combat
  6081 | D:8      | Reached skill level 5 in Spellcasting
  6081 | D:8      | Reached skill level 5 in Evocations
  6083 | D:8      | Killed a kobold demonologist
  6086 | D:8      | Corrupted D:8
  6086 | D:8      | Noticed a smoke demon
  6086 | D:8      | Noticed a tentacled starspawn
  6086 | D:8      | Noticed a thrashing horror
  6087 | D:8      | Noticed a starcursed mass
  6252 | D:8      | Noticed a soul eater
  6255 | D:8      | Noticed a worldbinder
  6406 | D:8      | Found a burning altar of Makhleb.
  6582 | D:9      | Noticed a two-headed ogre
  6601 | D:8      | Killed a two-headed ogre
  7042 | D:9      | Reached XP level 11. HP: 58/87 MP: 19/19
  7136 | D:9      | Noticed an obsidian statue
  7793 | D:10     | Entered Level 10 of the Dungeon
  7931 | D:10     | Reached skill level 5 in Conjurations
  7931 | D:10     | Reached skill level 5 in Hexes
  7931 | D:10     | Reached skill level 5 in Summonings
  7931 | D:10     | Reached skill level 5 in Necromancy
  7931 | D:10     | Reached skill level 5 in Translocations
  7931 | D:10     | Reached skill level 5 in Transmutations
  7931 | D:10     | Reached skill level 5 in Fire Magic
  7931 | D:10     | Reached skill level 5 in Ice Magic
  7931 | D:10     | Reached skill level 5 in Air Magic
  7931 | D:10     | Reached skill level 5 in Earth Magic
  7931 | D:10     | Reached skill level 5 in Poison Magic
  8195 | D:10     | Reached ***** piety under Lugonu
  8274 | D:10     | Found a staircase to the Orcish Mines.
  8862 | D:11     | Noticed a two-headed ogre
  8862 | D:11     | Noticed Erica
  8863 | D:11     | Noticed Sonja
  8884 | D:11     | Noticed Urug
  8989 | D:11     | Noticed a cyclops
  8989 | D:11     | Paralysed by Urug for 2 turns
  9110 | D:12     | Found Odem's Jewellery Shoppe.
  9119 | D:12     | Bought a ring of poison resistance for 220 gold pieces
  9119 | D:12     | Bought the ring of Jiyrhi {rPois rCorr Str+4} for 451 gold
                  | pieces
  9131 | D:12     | Noticed a two-headed ogre
  9145 | D:12     | Killed a two-headed ogre
  9216 | D:12     | Noticed a phantasmal warrior
  9227 | D:12     | Noticed a skeletal warrior
  9235 | D:12     | Found Cualuzo Keje's Antique Armour Boutique.
  9238 | D:12     | Identified a scroll of acquirement
  9238 | D:12     | Acquired 689 gold pieces
  9249 | D:12     | Found a portal to a secret trove of treasure.
  9278 | D:12     | Banished a phantasmal warrior
  9287 | D:13     | Noticed a red ugly thing
  9316 | D:13     | Killed a red ugly thing
  9754 | D:12     | Noticed Nergalle
  9780 | D:12     | Killed Nergalle
  9805 | D:11     | Noticed a boulder beetle
  9813 | D:11     | Noticed a cyclops
  9820 | D:12     | Killed a boulder beetle
  9923 | D:12     | Killed a cyclops
  9924 | D:12     | Reached XP level 12. HP: 88/96 MP: 22/22
  9980 | D:11     | Noticed a two-headed ogre
 10003 | Abyss:1  | Killed a wretched star
 10130 | D:11     | Escaped the Abyss
 10142 | D:11     | Found a staircase to the Lair.
 10149 | D:11     | Killed Erica
 10159 | D:10     | Killed a two-headed ogre
 10225 | D:11     | Killed a two-headed ogre
 10261 | D:10     | Killed Urug
 10361 | D:11     | Killed Sonja
 10503 | D:11     | Noticed a two-headed ogre
 10517 | D:11     | Killed a two-headed ogre
 10518 | D:11     | Reached skill level 10 in Fighting
 10597 | Lair:1   | Entered Level 1 of the Lair of Beasts
 10761 | Lair:1   | Noticed a five-headed hydra
 10771 | Lair:1   | Killed a one-headed hydra
 10791 | Lair:1   | Gained mutation: You have hidden genetic potential. [potion
                  | of mutation]
 10913 | Lair:1   | Found a runed translucent door.
 11014 | Lair:1   | Noticed a five-headed hydra
 11035 | Lair:1   | Killed a one-headed hydra
 11165 | Lair:1   | Reached XP level 13. HP: 103/103 MP: 24/24
 11450 | Lair:1   | Noticed Mandevil's ghost (journeyman KoNe)
 11613 | Lair:1   | Killed Mandevil's ghost
 11702 | Lair:2   | You are sucked into a shaft and drop 2 floors!
 11775 | Lair:4   | Reached skill level 10 in Invocations
 12222 | Lair:3   | Gained mutation: You have great hidden genetic potential.
                  | [hidden potential]
 12248 | Lair:3   | Found a runed translucent door.
 13343 | Lair:2   | Reached skill level 10 in Axes
 13343 | Lair:2   | Reached skill level 10 in Armour
 13343 | Lair:2   | Reached XP level 14. HP: 65/113 MP: 26/26
 13385 | Lair:2   | Found a staircase to the Swamp.
 13547 | Lair:3   | Upgraded the game from 0.28-a0-1128-gb845255321 to
                  | 0.28-a0-1190-g77e1c55843
 13862 | Lair:3   | Noticed an entropy weaver
 13886 | Lair:3   | Killed an entropy weaver
 13980 | Lair:3   | Noticed an entropy weaver
 14015 | Lair:3   | Killed an entropy weaver
 14220 | Lair:3   | Noticed an entropy weaver
 14252 | Lair:3   | Killed an entropy weaver
 14366 | Lair:3   | Noticed an entropy weaver
 14427 | Lair:3   | Killed an entropy weaver
 14440 | Lair:3   | Gained mutation: You have a somewhat thin skeletal
                  | structure. (Dex +2, Stealth+) [hidden potential]
 14440 | Lair:3   | Lost mutation: You have great hidden genetic potential.
                  | [hidden potential expressed]
 14576 | Lair:3   | Noticed an entropy weaver
 14612 | Lair:3   | Killed an entropy weaver
 14660 | Lair:3   | Identified the +7 trident of Fola {freeze, Int+4}
 15221 | Lair:4   | Found a staircase to the Snake Pit.
 15257 | Lair:4   | Noticed Snorg
 15312 | Lair:4   | Killed Snorg
 15622 | D:12     | Bought the ring of Aren {+Blink rN+ Str+3 Int-4} for 350
                  | gold pieces
 15622 | D:12     | Bought an amulet of reflection for 330 gold pieces
 15773 | Lair:5   | Noticed Rupert
 16087 | Lair:5   | Reached skill level 10 in Dodging
 16698 | Lair:6   | Entered Level 6 of the Lair of Beasts
 16716 | Lair:5   | Reached XP level 15. HP: 116/120 MP: 28/28
 16851 | Lair:6   | Reached ****** piety under Lugonu
 17037 | Lair:6   | Found a viscous altar of Jiyva.
 17038 | Lair:6   | Found a staircase to the Slime Pits.
 17083 | Lair:6   | Reached skill level 10 in Short Blades
 17083 | Lair:6   | Reached skill level 10 in Long Blades
 17083 | Lair:6   | Reached skill level 10 in Maces & Flails
 17083 | Lair:6   | Reached skill level 10 in Polearms
 17083 | Lair:6   | Reached skill level 10 in Staves
 17083 | Lair:6   | Reached skill level 10 in Slings
 17083 | Lair:6   | Reached skill level 10 in Bows
 17083 | Lair:6   | Reached skill level 10 in Crossbows
 17083 | Lair:6   | Reached skill level 10 in Throwing
 17083 | Lair:6   | Reached skill level 10 in Stealth
 17083 | Lair:6   | Reached skill level 10 in Shields
 17083 | Lair:6   | Reached skill level 10 in Unarmed Combat
 17083 | Lair:6   | Reached skill level 10 in Spellcasting
 17083 | Lair:6   | Reached skill level 10 in Evocations
 17169 | Lair:6   | Gained mutation: Your spells are a little harder to cast,
                  | but a little more powerful. [hidden potential]
 17929 | Lair:6   | Found a burning altar of Makhleb.
 17960 | Lair:6   | Corrupted Lair:6
 17960 | Lair:6   | Noticed a tentacled starspawn
 17960 | Lair:6   | Noticed a tentacled starspawn
 18155 | Lair:6   | Found a gateway to Hell.
 18686 | D:12     | Found Roecsot's Assorted Antiques.
 18902 | D:12     | Identified the +1 leather armour "Canuny" {Harm rPois rC-
                  | Will++}
 19514 | D:14     | Found a gate to the Vaults.
 19786 | D:14     | Reached XP level 16. HP: 66/128 MP: 30/30
 19923 | D:14     | Corrupted D:14
 19942 | D:14     | Noticed a tentacled starspawn
 20559 | D:15     | Entered Level 15 of the Dungeon
 20699 | D:14     | Gained mutation: Your system is resistant to poisons.
                  | (rPois) [hidden potential]
 20699 | D:14     | Lost mutation: You have hidden genetic potential. [hidden
                  | potential expressed]
 20788 | D:15     | Found a staircase to the Depths.
 21538 | D:15     | Noticed Azrael
 21563 | D:15     | Killed Azrael
 22097 | Snake:1  | Entered Level 1 of the Snake Pit
 22869 | Abyss:1  | Succumbed to naga ritualist's concentrated venom

Illustrated notes

Levels and vault maps discovered:
D:1:      dpeg_arrival_boxes_within_box, layout_basic,
          dreamdust_ecumenical_altar_statues
D:2:      layout_basic
D:3:      layout_basic, minmay_misc_feat_four_crosses, kennysheep_generic_room_5
D:4:      layout_layer_cave, minmay_temple_entry_tees, serial_shops, shop,
          gammafunk_ghost_nasty_kobolds, kennysheep_pointless_box,
          chequers_serial_rivers_small_3, uniq_natasha
D:5:      layout_basic, uniq_ijyb
D:6:      wad_river_or_something, layout_loops_ring, st_stairs_3, uniq_edmund
D:7:      layout_basic, enter_bailey_4
D:8:      layout_rooms, lightli_temple_of_fire, kennysheep_generic_room_15
D:9:      minmay_separated_statues, layout_basic, serial_bayou_pond_e,
          blue_anna_alchemist
D:10:     layout_loops_ring, hiddenorc2_lemuel, grunt_decor_fettered,
          minmay_fractal_squares_gapless_5
D:11:     layout_rooms, erik_lair_orcish_takeover,
          hangedman_abyss_or_decor_slice, uniq_urug, uniq_sonja, uniq_erica
D:12:     layout_loops_corners, nicolae_trove_entry_free_sample, serial_shops,
          shop, shop, nicolae_square_shop, uniq_nergalle
D:13:     layout_small_grid
D:14:     layout_roguey, david_vaults_3, chequers_mini_garden, minmay_checkerbox
D:15:     gammafunk_depths_entry_grave, layout_long_grid,
          portal_ice_cave_entry_dragon, uniq_azrael
Lair:1:   layout_gridlike, ebering_ghost_inner_flame,
          eino_small_chamber_without_monster, minivault_27, lemuel_fruit_fields,
          serial_bayou_shore_a
Lair:2:   layout_cave_pods, nicolae_swamp_entry_splash_gauntlet
Lair:3:   gammafunk_mikee_crab_dinner, layout_hall_layers, beast_lair_carwin_4
Lair:4:   beast_lair_carwin_large_2, layout_regular_city,
          guppyfry_snake_entry_garden, worms_lemuel, uniq_snorg
Lair:5:   layout_long_grid, grunt_megastairs_3, uniq_rupert
Lair:6:   evil_forest, layout_hall_layers, dpeg_slime_entry_enclosed_altar,
          st_stairs_11, minivault_25, lemuel_fruit_fields
Snake:1:  layout_basic, grunt_megastairs_5
Abyss:1:  base: Temple, base: Temple, base: D:11, base:
Orc:1

Skill      XL: |  1  2  3  4  5  6  7  8  9 10 11 12 13 14 15 16 |
---------------+-------------------------------------------------+-----
Short Blades   | 1 2 3 4 5 6 7 8 9 10 11 | 11.0
Long Blades    | 1 2 3 4 5 6 7 8 9 10 11 | 11.0
Maces & Flails | 1 2 3 4 5 6 7 8 9 10 11 | 11.0
Polearms       | 1 2 3 4 5 6 7 8 9 10 11 | 11.0
Staves         | 1 2 3 4 5 6 7 8 9 10 11 | 11.0
Slings         | 1 2 3 4 5 6 7 8 9 10 11 | 11.0
Bows           | 1 2 3 4 5 6 7 8 9 10 11 | 11.0
Crossbows      | 1 2 3 4 5 6 7 8 9 10 11 | 11.0
Throwing       | 1 2 3 4 5 6 7 8 9 10 11 | 11.0
Stealth        | 1 2 3 4 5 6 7 8 9 10 11 | 11.0
Shields        | 1 2 3 4 5 6 7 8 9 10 11 | 11.0
Unarmed Combat | 1 2 3 4 5 6 7 8 9 10 11 | 11.0
Spellcasting   | 1 2 3 4 5 6 7 8 9 10 11 | 11.0
Evocations     | 1 2 3 4 5 6 7 8 9 10 11 | 11.0
Conjurations   | 1 2 3 4 5 6 7 8 9 |  9.3
Hexes          | 1 2 3 4 5 6 7 8 9 |  9.3
Summonings     | 1 2 3 4 5 6 7 8 9 |  9.3
Necromancy     | 1 2 3 4 5 6 7 8 9 |  9.3
Translocations | 1 2 3 4 5 6 7 8 9 |  9.3
Transmutations | 1 2 3 4 5 6 7 8 9 |  9.3
Fire Magic     | 1 2 3 4 5 6 7 8 9 |  9.3
Ice Magic      | 1 2 3 4 5 6 7 8 9 |  9.3
Air Magic      | 1 2 3 4 5 6 7 8 9 |  9.3
Earth Magic    | 1 2 3 4 5 6 7 8 9 |  9.3
Poison Magic   | 1 2 3 4 5 6 7 8 9 |  9.3
Dodging        | 3 4 5 6 7 8 9 10 11 | 11.3
Invocations    | 5 6 7 8 9 10 11 12 | 12.8
Axes           | 5 6 7 8 9 10 11 | 11.9
Armour         | 5 6 7 8 9 10 11 | 11.9
Fighting       | 7 8 9 10 11 12 | 12.7

Action                   |  1- 3 |  4- 6 |  7- 9 | 10-12 | 13-15 | 16-18 || total
-------------------------+-------+-------+-------+-------+-------+-------++-------
Melee: Hand axe          |    91 |   136 |   414 |   782 |  1364 |   382 ||  3169
       Bite              |     2 |    10 |    60 |   123 |   281 |   120 ||   596
       Punch             |       |       |     8 |    39 |    11 |       ||    58
       Scimitar          |       |       |       |    52 |    66 |       ||   118
       Long sword        |       |       |       |       |    48 |   123 ||   171
Throw: Dart              |       |       |       |    14 |    10 |     3 ||    27
Invok: Depart the Abyss  |     1 |       |       |     1 |       |       ||     2
       Banish            |       |       |     1 |     4 |     2 |       ||     7
       Bend Space        |       |       |       |     8 |     3 |     4 ||    15
       Corrupt           |       |       |       |     1 |     1 |     1 ||     3
       Enter the Abyss   |       |       |       |     1 |       |     1 ||     2
Evoke: Wand              |       |       |       |     2 |       |       ||     2
  Use: Scroll            |     6 |       |    14 |     9 |     3 |     4 ||    36
       Potion            |       |       |       |     6 |     2 |     2 ||    10
 Stab: Sleeping          |       |       |       |       |     6 |     3 ||     9
       Distracted        |       |       |       |       |       |     2 ||     2
Armor: Ring mail         |    32 |    18 |       |       |       |       ||    50
       Chain mail        |       |    99 |   403 |   757 |  1374 |   300 ||  2933
Dodge: Dodged            |    54 |    58 |   195 |   446 |   938 |   226 ||  1917
Block: Kite shield       |       |       |       |       |  1458 |   425 ||  1883
       Reflection        |       |       |       |       |       |    10 ||    10

Table legend: (Time is in decaauts)
 A = Elapsed time spent in this place.
 B = Non-inter-level travel time spent in this place.
 C = Inter-level travel time spent in this place.
 D = Time resting spent in this place.
 E = Time spent auto-exploring this place.
 F = Levels seen in this place.
 G = Mean time per level.
                   A        B        C        D        E       F      G
               +--------+--------+--------+--------+--------+-----+--------+
         Total |  22763 |  21662 |   1101 |   2115 |  12543 |  26 |  875.5 |
       Dungeon |  14111 |  13559 |    552 |    746 |   8581 |  15 |  940.7 |
          Lair |   8326 |   7779 |    547 |   1282 |   3896 |   6 | 1387.7 |
     Snake Pit |     98 |     98 |      0 |      0 |      7 |   1 |   98.0 |
         Abyss |    222 |    222 |      0 |     87 |     59 |   3 |   74.0 |
        Bailey |      4 |      4 |      0 |      0 |      0 |   1 |    4.0 |
               +--------+--------+--------+--------+--------+-----+--------+

Top non-repeatable levels by time:
  Lair:4: 2012 daAuts
  Lair:3: 1768 daAuts
     D:4: 1453 daAuts
  Lair:6: 1428 daAuts
    D:12: 1398 daAuts
    D:15: 1264 daAuts
    D:10: 1256 daAuts
     D:9: 1210 daAuts
  Lair:2: 1135 daAuts
  Lair:1: 1102 daAuts
    D:14: 1041 daAuts
     D:6: 933 daAuts
     D:1: 897 daAuts
  Lair:5: 880 daAuts
     D:7: 811 daAuts
